 Dungeon Crawl Stone Soup version 0.31-a0-161-gb58dd9be76 (webtiles) character file.

Game seed: 13805943693642060642

11 Demosthentine the Ducker (level 2, 22/22 HPs)
             Began as a Demonspawn Gladiator on June 13, 2023.
             Got out of the dungeon alive.
             The game lasted 00:00:20 (341 turns).

Demosthentine the Ducker (Demonspawn Gladiator)      Turns: 341, Time: 00:00:20

Health: 22/22      AC:  4    Str: 14    XL:     2   Next: 13%
Magic:  2/2        EV: 12    Int:  9    God:
Gold:   7          SH:  0    Dex: 14    Spells: 1/1 levels left

rFire   . . .        a - +0 trident
rCold   . . .        (no shield)
rNeg    . . .        b - +0 leather armour
rPois   .            c - +0 helmet
rElec   .            (no cloak)
rCorr   .            (no gloves)
SInv    .            (no boots)
Will    .....        (no amulet)
Stlth   +            (no ring)
HPRegen 0.23/turn    (no ring)
MPRegen 0.08/turn

%: no passive effects
@: no status effects
A: claws 1
a: no special abilities


You escaped.
You visited 1 branch of the dungeon, and saw 1 of its levels.

You collected 7 gold pieces.

Inventory:

Hand Weapons
 a - a +0 trident (weapon)
Missiles
 d - 3 throwing nets (quivered)
 e - a javelin
Armour
 b - a +0 leather armour (worn)
 c - a +0 helmet (worn)
Potions
 f - 2 potions of heal wounds {unknown}


   Skills:
 + Level 2.2 Fighting
 + Level 2.8 Polearms
 - Level 1.7 Throwing
 + Level 0.5 Armour
 + Level 2.9 Dodging


You had one spell level left.
You didn't know any spells.
Your spell library was empty.

Dungeon Overview and Level Annotations

Branches:
Dungeon (1/15)

Altars:


Innate Abilities, Weirdness & Mutations

You have sharp fingernails.


Message History

The dart slug launches a dart at you.
The slug dart hits you but does no damage.
A dart slug is nearby!
You reach to attack!
You hit the dart slug.
The dart slug is moderately wounded.
A dart slug is nearby!
You hit the dart slug.
The dart slug is severely wounded.
The dart slug launches a dart at you. The slug dart misses you.
A dart slug is nearby!
You hit the dart slug.
The dart slug is almost dead.
The dart slug launches a dart at you. The slug dart hits you.
You hit the dart slug.
You kill the dart slug!
You have reached level 2!
Your demonic ancestry asserts itself...
Your fingernails lengthen.
HP restored.
You now have 7 gold pieces.
An endoplasm comes into view.
The endoplasm quivers.
An endoplasm is nearby!
You reach to attack!
You hit the endoplasm.
The endoplasm is moderately wounded.
You hit the endoplasm.
You kill the endoplasm!
No target in view!
No target in view!
Press: ? - help, . - travel You can't see that place. [the floor.]
There is an open door here.
There is an open door here.
There is an open gate here.
There is a staircase leading out of the dungeon here.
Are you sure you want to leave the Dungeon?
This will make you lose the game!
You have escaped!

#### ♣♣ #⌠⌠# ♣♣♣♣.♣
♣♣♣ #..############
#..............
#..............
#..##......##..
♣♣####..##......##..
♣.#..'..............
♣.#@.'..............
♣.#..'..............
♣♣####..##......##..
#..##......##..
#..............
#..............
#+############# #.#
♣♣♣♣♣♣ ♣♣♣ #.#
######


There were no monsters in sight!

Vanquished Creatures
  2 dart slugs (D:1)
  An endoplasm (D:1)
  2 hobgoblins (D:1)
  A bat (D:1)
  A kobold (D:1)
7 creatures vanquished.

Notes
Turn   | Place    | Note
-------+----------+-------------------------------------------
     0 | D:1      | Demosthentine the Demonspawn Gladiator began the quest for
                  | the Orb.
     0 | D:1      | Reached XP level 1. HP: 16/16 MP: 1/1
   108 | D:1      | Found a faded altar of an unknown god.
   182 | D:1      | Gained mutation: You have sharp fingernails. [demonic
                  | ancestry]
   182 | D:1      | Reached XP level 2. HP: 18/22 MP: 2/2
   341 | D:$      | Got out of the dungeon alive.

Illustrated notes

Levels and vault maps discovered:
D:1:      beargit_arrival_diablo_church, layout_basic,
          hellmonk_ecumenical_altar_zigzags, serial_shops,
          nicolae_shop_real_fake_doors

Action                     || total
---------------------------++-------
  Melee: Trident           ||    19
   Stab: Sleeping          ||     1
 Armour: Leather armour    ||     1
  Dodge: Dodged            ||     6

Table legend: (Time is in decaauts)
 A = Elapsed time spent in this place.
 B = Non-inter-level travel time spent in this place.
 C = Inter-level travel time spent in this place.
 D = Time resting spent in this place.
 E = Time spent auto-exploring this place.
 F = Levels seen in this place.
 G = Mean time per level.
                   A        B        C        D        E       F      G
               +--------+--------+--------+--------+--------+-----+--------+
         Total |    344 |    287 |     57 |      0 |    200 |   1 |  344.0 |
       Dungeon |    344 |    287 |     57 |      0 |    200 |   1 |  344.0 |
               +--------+--------+--------+--------+--------+-----+--------+

Top non-repeatable levels by time:
     D:1: 344 daAuts
